[ AOE2 MATCH · #481511260 ]
UnrankedBritons vs Mongols
[ REPLAY ANALYSIS · EXTRACTED FROM THE RECORDED GAME ]
Feudal
11:56
Castle
27:00
Imperial
—
| APM avg | 5.4 |
| APM peak | 14 |
| eAPM avg | 4.0 |
| Villagers / military | 38 / 0 |
Focus
⚔️ 16.3% · 🌾 83.7%
Trade Cart ×8
Feudal
—
Castle
—
Imperial
—
| APM avg | 11.2 |
| APM peak | 44 |
| eAPM avg | 8.4 |
| Villagers / military | 149 / 13 |
Focus
⚔️ 16.7% · 🌾 83.3%
Trade Cart ×13 · Spearman ×10 · Monk ×3
Feudal
9:30
Castle
17:42
Imperial
39:12
| APM avg | 10.9 |
| APM peak | 27 |
| eAPM avg | 9.7 |
| Villagers / military | 121 / 37 |
Focus
⚔️ 21.4% · 🌾 78.6%
Knight ×13 · Camel Scout ×13 · Camel Archer ×8 · Mangonel ×3 · Trade Cart ×2
Feudal
12:13
Castle
19:03
Imperial
—
| APM avg | 11.8 |
| APM peak | 28 |
| eAPM avg | 8.5 |
| Villagers / military | 175 / 9 |
Focus
⚔️ 18.1% · 🌾 81.9%
Spearman ×7 · Trade Cart ×5 · Monk ×2
Feudal
16:38
Castle
29:21
Imperial
—
| APM avg | 7.1 |
| APM peak | 20 |
| eAPM avg | 5.0 |
| Villagers / military | 82 / 11 |
Focus
⚔️ 12.3% · 🌾 87.7%
Hussite Wagon ×9 · Mangonel ×1 · Battering Ram ×1
Feudal
9:44
Castle
14:07
Imperial
31:33
| APM avg | 32.0 |
| APM peak | 62 |
| eAPM avg | 21.7 |
| Villagers / military | 223 / 107 |
Focus
⚔️ 26.5% · 🌾 73.5%
Spearman ×79 · Bombard Cannon ×28
Feudal
10:57
Castle
14:29
Imperial
29:22
| APM avg | 26.5 |
| APM peak | 69 |
| eAPM avg | 13.9 |
| Villagers / military | 288 / 104 |
Focus
⚔️ 15.0% · 🌾 85.0%
Monaspa ×102 · Trebuchet (Packed) ×2
Feudal
8:33
Castle
17:03
Imperial
38:43
| APM avg | 28.4 |
| APM peak | 68 |
| eAPM avg | 21.0 |
| Villagers / military | 216 / 31 |
Focus
⚔️ 12.3% · 🌾 87.7%
Trade Cart ×29 · Steppe Lancer ×22 · Scout Cavalry ×8 · Monk ×1
Match map
Initial resources + every placement click. Lines = walls · curves = elevation contours. ◆ gold · ⬟ stone · ● berries · ✦ relic · ◌ wall gap
Your base· ✓ Closed at 27:00 · 24t walls · 1 gate(s)
DonShooterKen's base· ✓ Closed at 15:20 · 0t walls · no gate
theloniousj's base· Open — opponent sealed themselves in
Trajano's base· Open — opponent sealed themselves in
Megatower's base· ✓ Closed at 29:21 · 71t walls · 2 gate(s)
阿狗's base· ✓ Closed at 14:07 · 0t walls · no gate
Benyicito's base· Open — opponent sealed themselves in
fernandosandovalurrutia's base· ✓ Closed at 17:03 · 34t walls · 1 gate(s)
Smoothed initial terrain · ◌ = detected wall gap · hover for details
Inputs per minute
— calebtinch4 - - DonShooterKen
Build order — calebtinch4
119 actions detected in the replay
| 0:45 | Create | Villager (Male) |
| 1:11 | Build | House |
| 1:35 | Create | Villager (Male) |
| 1:35 | Create | Villager (Male) |
| 1:35 | Create | Villager (Male) |
| 1:36 | Create | Villager (Male) |
| 1:36 | Create | Villager (Male) |
| 1:37 | Create | Villager (Male) |
| 1:37 | Create | Villager (Male) |
| 2:11 | Build | House |
| 2:39 | Build | Mill |
| 3:04 | Build | House |
| 3:15 | Build | Lumber Camp |
| 4:25 | Build | Mining Camp |
| 4:34 | Build | House |
| 5:51 | Build | House |
| 5:59 | Create | Villager (Male) |
| 5:59 | Create | Villager (Male) |
| 6:00 | Create | Villager (Male) |
| 6:00 | Create | Villager (Male) |
| 6:00 | Create | Villager (Male) |
| 6:01 | Create | Villager (Male) |
| 6:01 | Create | Villager (Male) |
| 6:01 | Create | Villager (Male) |
| 6:23 | Build | House |
| 6:44 | Build | Farm |
| 7:05 | Build | House |
| 8:45 | Build | House |
| 9:20 | Build | Mining Camp |
| 9:37 | Build | House |
| 9:46 | Research | Feudal Age |
| 10:04 | Build | Farm |
| 10:14 | Build | Farm |
| 10:21 | Build | Farm |
| 10:30 | Build | Farm |
| 10:37 | Build | Farm |
| 10:44 | Build | Farm |
| 11:32 | Build | Farm |
| 11:56 | Age | Feudal Age |
| 12:32 | Research | Double-Bit Axe |
| 12:42 | Research | Town Watch |
| 12:48 | Create | Villager (Male) |
| 12:48 | Create | Villager (Male) |
| 12:49 | Create | Villager (Male) |
| 12:50 | Create | Villager (Male) |
| 12:50 | Create | Villager (Male) |
| 13:54 | Build | Lumber Camp |
| 14:34 | Build | Farm |
| 15:47 | Build | Blacksmith |
| 16:33 | Build | Farm |
| 17:10 | Research | Horse Collar |
| 17:19 | Research | Wheelbarrow |
| 17:46 | Research | Forging |
| 17:47 | Research | Fletching |
| 17:48 | Research | Scale Mail Armor |
| 17:49 | Research | Padded Archer Armor |
| 17:50 | Research | Scale Barding Armor |
| 18:14 | Create | Villager (Male) |
| 18:15 | Create | Villager (Male) |
| 18:15 | Create | Villager (Male) |
| 18:15 | Create | Villager (Male) |
| 18:16 | Create | Villager (Male) |
| 18:18 | Create | Villager (Male) |
| 18:21 | Create | Villager (Male) |
| 19:58 | Build | Market |
| 20:23 | Build | Market |
| 21:12 | Build | Farm |
| 22:02 | Build | Barracks |
| 23:41 | Build | Archery Range |
| 24:00 | Build | Stable |
| 24:13 | Research | Arson |
| 24:14 | Research | Man-at-Arms (upgrade) |
| 24:20 | Research | Castle Age |
| 24:45 | Research | Gold Mining |
| 24:46 | Research | Stone Mining |
| 25:26 | Build | Stone Wall |
| 26:51 | Build | Gate |
| 27:00 | Age | Castle Age |
| 27:31 | Research | Hand Cart |
| 27:32 | Research | Town Patrol |
| 27:36 | Research | Heavy Plow |
| 27:42 | Research | Bow Saw |
| 29:28 | Research | Iron Casting |
| 29:30 | Research | Leather Archer Armor |
| 30:22 | Create | Villager (Male) |
| 30:22 | Create | Villager (Male) |
| 30:22 | Create | Villager (Male) |
| 30:22 | Create | Villager (Male) |
| 30:56 | Build | Farm |
| 31:21 | Build | Watch Tower |
| 31:29 | Build | Watch Tower |
| 32:00 | Build | Farm |
| 32:10 | Build | Farm |
| 32:31 | Research | Gold Shaft Mining |
| 33:27 | Research | Squires |
| 33:30 | Research | Gambesons |
| 33:37 | Research | Husbandry |
| 33:59 | Build | Watch Tower |
| 35:33 | Create | Villager (Male) |
| 35:34 | Create | Villager (Male) |
| 35:34 | Create | Villager (Male) |
| 35:35 | Create | Villager (Male) |
| 35:35 | Create | Villager (Male) |
| 35:35 | Create | Villager (Male) |
| 35:47 | Research | Caravan |
| 35:48 | Create | Trade Cart |
| 35:49 | Create | Trade Cart |
| 35:51 | Create | Trade Cart |
| 35:52 | Create | Trade Cart |
| 35:53 | Create | Trade Cart |
| 36:00 | Create | Trade Cart |
| 36:01 | Create | Trade Cart |
| 36:03 | Create | Trade Cart |
| 36:34 | Research | Bodkin Arrow |
| 36:35 | Research | Chain Mail Armor |
| 36:36 | Research | Chain Barding Armor |
| 37:09 | Build | Siege Workshop |
| 38:06 | Build | Castle |
| 38:49 | Research | Long Swordsman (upgrade) |
Build order — DonShooterKen
First 150 of 229 actions detected
| 0:05 | Build | House |
| 0:50 | Build | House |
| 0:54 | Create | Villager (Male) |
| 0:54 | Create | Villager (Male) |
| 0:54 | Create | Villager (Male) |
| 0:55 | Create | Villager (Male) |
| 2:35 | Build | Lumber Camp |
| 2:41 | Create | Villager (Male) |
| 2:41 | Create | Villager (Male) |
| 2:42 | Create | Villager (Male) |
| 3:34 | Create | Villager (Male) |
| 3:49 | Create | Villager (Male) |
| 4:05 | Create | Villager (Male) |
| 5:15 | Create | Villager (Male) |
| 5:16 | Create | Villager (Male) |
| 6:17 | Create | Villager (Male) |
| 6:18 | Create | Villager (Male) |
| 6:35 | Build | Mill |
| 7:28 | Create | Villager (Male) |
| 7:29 | Create | Villager (Male) |
| 8:33 | Build | Farm |
| 9:06 | Research | Feudal Age |
| 9:21 | Build | House |
| 9:21 | Build | House |
| 9:22 | Build | House |
| 9:22 | Build | House |
| 9:22 | Build | House |
| 10:08 | Create | Villager (Male) |
| 10:08 | Create | Villager (Male) |
| 10:08 | Create | Villager (Male) |
| 10:09 | Create | Villager (Male) |
| 10:09 | Create | Villager (Male) |
| 10:40 | Build | Barracks |
| 10:49 | Build | Farm |
| 10:53 | Build | Farm |
| 10:58 | Build | Farm |
| 11:03 | Build | Farm |
| 11:20 | Research | Double-Bit Axe |
| 11:24 | Research | Horse Collar |
| 11:27 | Create | Villager (Male) ×4 |
| 11:48 | Build | Farm |
| 12:01 | Build | Farm |
| 12:15 | Build | Market |
| 12:49 | Build | Farm |
| 13:13 | Build | Blacksmith |
| 13:32 | Build | Farm |
| 13:37 | Create | Villager (Male) |
| 14:03 | Build | Farm |
| 14:42 | Build | Stable |
| 15:00 | Create | Villager (Male) |
| 15:01 | Create | Villager (Male) |
| 15:02 | Create | Villager (Male) |
| 15:12 | Build | Farm |
| 15:20 | Research | Castle Age |
| 16:53 | Build | Farm |
| 16:54 | Build | Farm |
| 16:54 | Build | Farm |
| 17:07 | Build | Farm |
| 17:39 | Create | Spearman |
| 17:40 | Create | Spearman |
| 17:40 | Create | Spearman |
| 17:40 | Create | Spearman |
| 17:41 | Create | Spearman |
| 17:41 | Create | Spearman |
| 17:41 | Create | Spearman |
| 18:41 | Create | Villager (Male) |
| 18:41 | Create | Villager (Male) |
| 18:41 | Create | Villager (Male) |
| 18:42 | Create | Villager (Male) |
| 18:42 | Create | Villager (Male) |
| 18:42 | Create | Villager (Male) |
| 18:49 | Build | Town Center |
| 19:06 | Build | Monastery |
| 19:40 | Create | Villager (Male) |
| 19:40 | Create | Villager (Male) |
| 19:40 | Create | Villager (Male) |
| 19:41 | Create | Villager (Male) |
| 19:41 | Create | Villager (Male) |
| 19:41 | Create | Villager (Male) |
| 19:42 | Create | Villager (Male) |
| 19:42 | Create | Villager (Male) |
| 19:42 | Create | Villager (Male) |
| 19:52 | Build | Town Center |
| 19:57 | Research | Bow Saw |
| 20:09 | Create | Villager (Male) |
| 20:09 | Create | Villager (Male) |
| 20:10 | Create | Villager (Male) |
| 20:31 | Research | Wheelbarrow |
| 20:35 | Create | Monk |
| 21:07 | Build | Mining Camp |
| 21:24 | Create | Villager (Male) |
| 21:24 | Create | Villager (Male) |
| 21:24 | Create | Villager (Male) |
| 21:24 | Create | Villager (Male) |
| 21:25 | Create | Villager (Male) |
| 21:25 | Create | Villager (Male) |
| 21:52 | Create | Monk |
| 21:58 | Create | Villager (Male) |
| 21:58 | Create | Villager (Male) |
| 21:59 | Create | Villager (Male) |
| 22:46 | Build | Town Center |
| 22:54 | Create | Villager (Male) |
| 22:58 | Create | Villager (Male) |
| 22:58 | Create | Villager (Male) |
| 22:58 | Create | Villager (Male) |
| 22:58 | Create | Villager (Male) |
| 23:03 | Create | Villager (Male) |
| 23:26 | Research | Stone Mining |
| 23:56 | Create | Monk |
| 24:27 | Create | Villager (Male) ×7 |
| 24:27 | Create | Villager (Male) |
| 24:35 | Build | Farm |
| 24:35 | Build | Farm |
| 24:35 | Build | Farm |
| 24:35 | Build | Farm |
| 25:23 | Build | House |
| 25:23 | Build | House |
| 25:24 | Build | House |
| 25:25 | Build | House |
| 25:25 | Build | House |
| 25:25 | Build | House |
| 25:26 | Build | House |
| 25:26 | Build | House |
| 25:42 | Build | Farm |
| 25:42 | Build | Farm |
| 25:43 | Build | Farm |
| 25:43 | Build | Farm |
| 26:01 | Research | Squires |
| 26:03 | Research | Arson |
| 26:04 | Create | Spearman |
| 26:04 | Create | Spearman |
| 26:04 | Create | Spearman |
| 26:09 | Research | Stone Shaft Mining |
| 27:13 | Research | Hand Cart |
| 27:19 | Create | Villager (Male) ×4 |
| 27:19 | Create | Villager (Male) |
| 27:29 | Build | Farm |
| 27:29 | Build | Farm |
| 27:29 | Build | Farm |
| 27:29 | Build | Farm |
| 27:30 | Build | Farm |
| 27:37 | Build | Farm |
| 27:37 | Build | Farm |
| 27:38 | Build | Farm |
| 27:38 | Build | Farm |
| 27:38 | Build | Farm |
| 27:39 | Build | Farm |
| 27:39 | Build | Farm |
| 29:42 | Create | Villager (Male) |
| 29:43 | Create | Villager (Male) |
Build order — theloniousj
First 150 of 290 actions detected
| 0:20 | Build | House |
| 0:22 | Build | House |
| 0:23 | Create | Villager (Male) |
| 0:24 | Create | Villager (Male) |
| 0:24 | Create | Villager (Male) |
| 0:24 | Create | Villager (Male) |
| 0:25 | Create | Villager (Male) |
| 0:25 | Create | Villager (Male) |
| 0:58 | Create | Villager (Male) |
| 0:58 | Create | Villager (Male) |
| 1:01 | Create | Villager (Male) |
| 2:44 | Build | Lumber Camp |
| 2:53 | Create | Villager (Male) |
| 3:21 | Build | House |
| 3:23 | Build | House |
| 3:29 | Build | House |
| 3:31 | Build | House |
| 3:50 | Build | Mill |
| 4:14 | Create | Villager (Male) |
| 4:16 | Create | Villager (Male) |
| 4:17 | Create | Villager (Male) |
| 4:18 | Create | Villager (Male) |
| 4:18 | Create | Villager (Male) |
| 6:09 | Create | Villager (Male) |
| 6:29 | Build | Barracks |
| 7:10 | Build | Mining Camp |
| 7:20 | Research | Feudal Age |
| 7:23 | Research | Loom |
| 8:52 | Create | Villager (Male) |
| 8:53 | Create | Villager (Male) |
| 8:54 | Create | Villager (Male) |
| 8:55 | Create | Villager (Male) |
| 8:56 | Create | Villager (Male) |
| 9:30 | Age | Feudal Age |
| 9:34 | Build | Blacksmith |
| 9:43 | Research | Double-Bit Axe |
| 9:58 | Build | Market |
| 10:13 | Create | Villager (Male) |
| 10:15 | Create | Villager (Male) |
| 10:18 | Research | Horse Collar |
| 10:56 | Build | Farm |
| 10:59 | Build | Farm |
| 11:33 | Create | Villager (Male) |
| 11:34 | Create | Villager (Male) |
| 11:40 | Build | Farm |
| 11:56 | Build | Farm |
| 12:06 | Build | Farm |
| 12:20 | Build | Farm |
| 12:50 | Build | Farm |
| 13:06 | Build | Farm |
| 13:15 | Create | Villager (Male) |
| 13:20 | Build | Farm |
| 13:35 | Build | Farm |
| 13:40 | Create | Villager (Male) |
| 13:50 | Build | Farm |
| 14:27 | Build | Farm |
| 14:43 | Build | Farm |
| 14:52 | Build | Farm |
| 14:57 | Build | Farm |
| 15:02 | Research | Castle Age |
| 15:34 | Build | Stable |
| 15:43 | Build | Stable |
| 16:35 | Create | Villager (Male) |
| 16:35 | Create | Villager (Male) |
| 16:36 | Create | Villager (Male) |
| 16:37 | Create | Villager (Male) |
| 17:25 | Build | Lumber Camp |
| 17:42 | Age | Castle Age |
| 17:44 | Build | Town Center |
| 18:58 | Build | House |
| 19:02 | Build | House |
| 19:07 | Build | House |
| 19:08 | Build | House |
| 19:10 | Build | House |
| 19:13 | Build | House |
| 19:16 | Create | Villager (Male) |
| 19:17 | Create | Villager (Male) |
| 19:19 | Create | Villager (Male) |
| 19:20 | Create | Villager (Male) |
| 19:21 | Create | Villager (Male) |
| 19:22 | Create | Villager (Male) |
| 19:23 | Create | Villager (Male) |
| 19:47 | Build | Stable |
| 20:50 | Create | Villager (Male) |
| 20:50 | Create | Villager (Male) |
| 20:51 | Create | Villager (Male) |
| 21:17 | Create | Villager (Male) |
| 21:18 | Create | Villager (Male) |
| 21:19 | Create | Villager (Male) |
| 21:30 | Build | Town Center |
| 21:59 | Build | Farm |
| 22:01 | Build | Farm |
| 22:04 | Build | Farm |
| 22:05 | Build | Farm |
| 22:12 | Build | Farm |
| 22:25 | Build | Farm |
| 22:33 | Build | Farm |
| 22:53 | Build | Lumber Camp |
| 23:16 | Build | Mining Camp |
| 23:35 | Create | Villager (Male) |
| 23:37 | Create | Villager (Male) |
| 23:37 | Create | Villager (Male) |
| 23:38 | Create | Villager (Male) |
| 23:39 | Create | Villager (Male) |
| 23:39 | Create | Villager (Male) |
| 23:58 | Create | Villager (Male) |
| 23:58 | Create | Villager (Male) |
| 23:59 | Create | Villager (Male) |
| 23:59 | Create | Villager (Male) |
| 24:00 | Create | Villager (Male) |
| 24:00 | Create | Villager (Male) |
| 24:01 | Create | Villager (Male) |
| 24:02 | Create | Villager (Male) |
| 24:03 | Create | Villager (Male) |
| 24:06 | Create | Villager (Male) |
| 24:07 | Create | Villager (Male) |
| 24:09 | Create | Villager (Male) |
| 24:10 | Create | Villager (Male) |
| 24:38 | Research | Bow Saw |
| 24:43 | Research | Gold Mining |
| 24:45 | Research | Stone Mining |
| 24:48 | Research | Heavy Plow |
| 24:56 | Research | Scale Barding Armor |
| 24:56 | Research | Scale Mail Armor |
| 24:58 | Research | Forging |
| 25:03 | Create | Villager (Male) |
| 25:03 | Create | Villager (Male) |
| 25:04 | Create | Villager (Male) |
| 25:04 | Create | Villager (Male) |
| 25:04 | Create | Villager (Male) |
| 25:05 | Create | Villager (Male) |
| 25:08 | Create | Villager (Male) |
| 25:21 | Build | House |
| 25:25 | Build | House |
| 25:30 | Build | House |
| 25:34 | Build | House |
| 25:37 | Create | Villager (Male) |
| 25:38 | Create | Villager (Male) |
| 25:47 | Build | Farm |
| 25:53 | Build | Farm |
| 26:03 | Build | Farm |
| 26:12 | Build | Farm |
| 26:13 | Build | Farm |
| 26:16 | Build | Farm |
| 26:32 | Build | Farm |
| 26:41 | Build | Farm |
| 26:51 | Create | Villager (Male) |
| 26:51 | Create | Villager (Male) |
| 26:52 | Create | Villager (Male) |
| 26:52 | Create | Villager (Male) |
Build order — Trajano
First 150 of 183 actions detected
| 0:05 | Create | Villager (Male) ×5 |
| 0:06 | Create | Villager (Male) |
| 0:06 | Create | Villager (Male) ×5 |
| 0:08 | Build | House |
| 0:20 | Research | Loom |
| 1:24 | Build | House |
| 2:59 | Create | Villager (Male) |
| 3:00 | Create | Villager (Male) |
| 3:00 | Create | Villager (Male) |
| 3:00 | Create | Villager (Male) |
| 3:18 | Build | House |
| 3:48 | Create | Villager (Male) |
| 3:55 | Build | Lumber Camp |
| 4:15 | Create | Villager (Male) |
| 4:57 | Create | Villager (Male) |
| 5:15 | Create | Villager (Male) |
| 6:19 | Build | House |
| 6:35 | Build | Mill |
| 6:39 | Create | Villager (Male) |
| 6:39 | Create | Villager (Male) |
| 6:40 | Create | Villager (Male) |
| 6:40 | Create | Villager (Male) |
| 6:43 | Build | House |
| 6:55 | Create | Villager (Male) |
| 6:55 | Create | Villager (Male) |
| 6:56 | Create | Villager (Male) |
| 7:34 | Build | Mill |
| 7:38 | Build | Farm |
| 7:43 | Build | Farm |
| 7:46 | Build | Farm |
| 8:22 | Build | Farm |
| 8:53 | Build | Farm |
| 8:59 | Build | Farm |
| 9:06 | Create | Villager (Male) ×5 |
| 9:20 | Build | Farm |
| 9:59 | Research | Feudal Age |
| 10:40 | Build | Mining Camp |
| 10:47 | Build | Mining Camp |
| 11:14 | Build | House |
| 11:34 | Build | House |
| 12:13 | Age | Feudal Age |
| 13:14 | Research | Wheelbarrow |
| 13:15 | Research | Town Watch |
| 13:18 | Research | Double-Bit Axe |
| 13:29 | Create | Villager (Male) ×5 |
| 14:09 | Build | Market |
| 14:45 | Build | Mill |
| 14:50 | Create | Villager (Male) ×5 |
| 15:27 | Build | Blacksmith |
| 15:39 | Build | Farm |
| 16:18 | Research | Castle Age |
| 16:23 | Research | Castle Age |
| 18:29 | Build | Lumber Camp |
| 19:03 | Age | Castle Age |
| 19:33 | Create | Villager (Male) ×5 |
| 20:45 | Build | Monastery |
| 21:12 | Build | Barracks |
| 22:38 | Build | Mining Camp |
| 22:40 | Create | Villager (Male) ×5 |
| 22:40 | Create | Villager (Male) ×5 |
| 22:41 | Create | Villager (Male) ×5 |
| 22:41 | Create | Villager (Male) ×5 |
| 22:44 | Research | Hand Cart |
| 22:52 | Build | Town Center |
| 23:03 | Build | Town Center |
| 23:13 | Research | Horse Collar |
| 23:36 | Create | Monk |
| 23:40 | Build | Monastery |
| 23:52 | Build | Farm |
| 24:09 | Create | Villager (Male) ×5 |
| 24:12 | Create | Villager (Male) ×5 |
| 24:18 | Create | Villager (Male) ×5 |
| 24:30 | Build | Town Center |
| 24:37 | Build | Mining Camp |
| 25:43 | Build | Stone Wall |
| 25:53 | Build | House |
| 25:54 | Build | House |
| 26:01 | Build | House |
| 26:02 | Build | House |
| 26:05 | Research | Hand Cart |
| 26:10 | Research | Gold Mining |
| 26:10 | Research | Stone Mining |
| 26:33 | Create | Villager (Male) ×2 |
| 26:48 | Build | House |
| 26:50 | Build | House |
| 26:57 | Build | Farm |
| 28:17 | Build | Mill |
| 28:20 | Build | Mill |
| 28:24 | Build | Farm |
| 28:25 | Build | Farm |
| 28:30 | Build | Farm |
| 28:33 | Build | Farm |
| 28:35 | Build | Farm |
| 28:37 | Build | Farm |
| 28:40 | Build | Farm |
| 28:42 | Build | Farm |
| 28:46 | Build | Farm |
| 28:48 | Build | Farm |
| 28:51 | Create | Villager (Male) ×5 |
| 28:51 | Create | Villager (Male) ×5 |
| 29:06 | Build | Farm |
| 29:13 | Build | Farm |
| 29:15 | Build | Farm |
| 29:20 | Build | Farm |
| 29:22 | Build | Farm |
| 29:24 | Build | Farm |
| 29:28 | Build | Farm |
| 29:30 | Build | Farm |
| 29:32 | Create | Villager (Male) ×3 |
| 30:00 | Build | Town Center |
| 30:06 | Research | Heavy Plow |
| 30:28 | Create | Villager (Male) ×5 |
| 30:35 | Create | Spearman ×2 |
| 30:46 | Create | Spearman ×5 |
| 31:06 | Build | House |
| 31:07 | Build | House |
| 31:09 | Build | House |
| 31:34 | Build | Lumber Camp |
| 31:40 | Build | Farm |
| 31:47 | Build | Farm |
| 31:52 | Build | Farm |
| 32:14 | Build | Stone Wall |
| 32:31 | Create | Villager (Male) ×5 |
| 32:36 | Build | Stone Wall |
| 32:41 | Build | Stone Wall |
| 32:45 | Build | Stone Wall |
| 32:53 | Build | University |
| 32:56 | Create | Villager (Male) ×5 |
| 32:57 | Create | Villager (Male) ×5 |
| 32:57 | Create | Villager (Male) ×5 |
| 32:58 | Create | Villager (Male) ×5 |
| 32:58 | Create | Villager (Male) ×5 |
| 33:05 | Create | Villager (Male) |
| 33:30 | Research | Treadmill Crane |
| 33:31 | Research | Fortified Wall (upgrade) |
| 33:33 | Research | Ballistics |
| 33:52 | Create | Villager (Male) |
| 33:52 | Create | Villager (Male) |
| 33:52 | Create | Villager (Male) |
| 33:53 | Create | Villager (Male) |
| 33:53 | Create | Villager (Male) |
| 33:54 | Create | Villager (Male) |
| 34:28 | Create | Villager (Male) ×5 |
| 34:37 | Build | House |
| 34:37 | Build | House |
| 34:38 | Build | House |
| 34:39 | Build | House |
| 34:40 | Build | House |
| 34:41 | Build | House |
| 34:42 | Build | House |
Build order — Megatower
First 150 of 157 actions detected
| 0:11 | Research | Loom |
| 0:12 | Create | Villager (Male) |
| 0:12 | Create | Villager (Male) |
| 0:12 | Create | Villager (Male) |
| 0:12 | Create | Villager (Male) |
| 0:13 | Create | Villager (Male) |
| 0:13 | Create | Villager (Male) |
| 0:13 | Create | Villager (Male) |
| 0:14 | Create | Villager (Male) |
| 0:14 | Create | Villager (Male) |
| 0:14 | Create | Villager (Male) |
| 0:14 | Create | Villager (Male) |
| 0:55 | Build | House |
| 0:58 | Build | House |
| 3:43 | Build | Mill |
| 6:38 | Create | Villager (Male) |
| 6:38 | Create | Villager (Male) |
| 6:39 | Create | Villager (Male) |
| 6:39 | Create | Villager (Male) |
| 6:39 | Create | Villager (Male) |
| 6:39 | Create | Villager (Male) |
| 6:39 | Create | Villager (Male) |
| 6:56 | Build | Lumber Camp |
| 7:10 | Build | House |
| 7:13 | Build | House |
| 7:53 | Build | Palisade Wall |
| 9:07 | Create | Villager (Male) |
| 9:08 | Create | Villager (Male) |
| 9:08 | Create | Villager (Male) |
| 9:08 | Create | Villager (Male) |
| 9:08 | Create | Villager (Male) |
| 9:09 | Create | Villager (Male) |
| 9:09 | Create | Villager (Male) |
| 9:51 | Build | Palisade Gate |
| 10:15 | Build | Palisade Wall |
| 11:23 | Build | Farm |
| 11:29 | Build | Farm |
| 12:36 | Build | Farm |
| 12:42 | Create | Villager (Male) |
| 13:15 | Build | House |
| 13:20 | Build | House |
| 14:11 | Research | Feudal Age |
| 14:46 | Build | House |
| 14:49 | Build | House |
| 14:51 | Build | House |
| 16:38 | Age | Feudal Age |
| 16:47 | Build | Stone Wall |
| 16:55 | Build | Gate |
| 17:30 | Build | Mining Camp |
| 18:36 | Build | Mining Camp |
| 19:02 | Build | Blacksmith |
| 19:12 | Research | Wheelbarrow |
| 19:12 | Research | Town Watch |
| 19:13 | Create | Villager (Male) |
| 19:13 | Create | Villager (Male) |
| 19:14 | Create | Villager (Male) |
| 19:14 | Create | Villager (Male) |
| 19:14 | Create | Villager (Male) |
| 19:14 | Create | Villager (Male) |
| 19:29 | Research | Horse Collar |
| 21:32 | Build | Market |
| 21:47 | Build | Mining Camp |
| 22:04 | Build | Farm |
| 22:07 | Build | Farm |
| 22:10 | Build | Farm |
| 22:15 | Build | Farm |
| 22:27 | Build | Farm |
| 22:31 | Build | Farm |
| 22:35 | Build | Farm |
| 22:46 | Create | Villager (Male) |
| 22:47 | Create | Villager (Male) |
| 22:47 | Create | Villager (Male) |
| 22:47 | Create | Villager (Male) |
| 22:47 | Create | Villager (Male) |
| 22:48 | Create | Villager (Male) |
| 22:48 | Create | Villager (Male) |
| 22:48 | Create | Villager (Male) |
| 23:09 | Build | Lumber Camp |
| 23:32 | Build | Farm |
| 23:36 | Build | Farm |
| 23:40 | Build | Farm |
| 23:43 | Build | Farm |
| 23:51 | Build | Farm |
| 24:08 | Build | Farm |
| 26:41 | Research | Castle Age |
| 26:43 | Create | Villager (Male) |
| 26:44 | Create | Villager (Male) |
| 29:21 | Age | Castle Age |
| 29:28 | Research | Hand Cart |
| 29:29 | Research | Town Patrol |
| 29:34 | Research | Heavy Plow |
| 29:41 | Research | Double-Bit Axe |
| 31:14 | Create | Villager (Male) |
| 31:14 | Create | Villager (Male) |
| 31:14 | Create | Villager (Male) |
| 31:14 | Create | Villager (Male) |
| 31:15 | Create | Villager (Male) |
| 31:15 | Create | Villager (Male) |
| 31:15 | Create | Villager (Male) |
| 31:15 | Create | Villager (Male) |
| 31:16 | Create | Villager (Male) |
| 31:16 | Create | Villager (Male) |
| 31:16 | Create | Villager (Male) |
| 31:17 | Create | Villager (Male) |
| 31:17 | Create | Villager (Male) |
| 31:17 | Create | Villager (Male) |
| 31:17 | Create | Villager (Male) |
| 31:18 | Create | Villager (Male) |
| 32:16 | Build | Castle |
| 32:42 | Create | Villager (Male) |
| 33:06 | Build | Town Center |
| 33:39 | Create | Villager (Male) |
| 33:39 | Create | Villager (Male) |
| 33:39 | Create | Villager (Male) |
| 33:39 | Create | Villager (Male) |
| 33:40 | Create | Villager (Male) |
| 34:30 | Build | Siege Workshop |
| 35:09 | Create | Villager (Male) |
| 35:09 | Create | Villager (Male) |
| 35:09 | Create | Villager (Male) |
| 35:10 | Create | Villager (Male) |
| 35:10 | Create | Villager (Male) |
| 35:11 | Create | Villager (Male) |
| 35:11 | Create | Villager (Male) |
| 35:12 | Create | Villager (Male) |
| 35:12 | Create | Villager (Male) |
| 35:12 | Create | Villager (Male) |
| 35:12 | Create | Villager (Male) |
| 35:12 | Create | Villager (Male) |
| 35:13 | Create | Villager (Male) |
| 35:13 | Create | Villager (Male) |
| 35:13 | Create | Villager (Male) |
| 35:14 | Create | Villager (Male) |
| 35:14 | Create | Villager (Male) |
| 35:43 | Build | Town Center |
| 36:02 | Build | Mining Camp |
| 36:13 | Build | Mining Camp |
| 36:30 | Build | Mining Camp |
| 36:53 | Build | Mining Camp |
| 37:04 | Build | Mining Camp |
| 37:13 | Build | Mining Camp |
| 37:27 | Build | Mining Camp |
| 37:40 | Create | Villager (Male) |
| 37:49 | Create | Hussite Wagon |
| 37:50 | Create | Hussite Wagon |
| 37:50 | Create | Hussite Wagon |
| 37:50 | Create | Hussite Wagon |
| 37:51 | Create | Hussite Wagon |
| 37:51 | Create | Hussite Wagon |
| 37:51 | Create | Hussite Wagon |
Build order — 阿狗
First 150 of 562 actions detected
| 0:04 | Research | Loom |
| 0:04 | Research | Loom |
| 0:09 | Build | House |
| 0:10 | Build | House |
| 0:11 | Build | House |
| 0:12 | Build | House |
| 0:25 | Create | Villager (Male) |
| 0:26 | Create | Villager (Male) |
| 0:36 | Create | Villager (Male) |
| 0:36 | Create | Villager (Male) |
| 0:37 | Create | Villager (Male) |
| 0:37 | Create | Villager (Male) |
| 0:37 | Create | Villager (Male) |
| 0:46 | Create | Villager (Male) |
| 0:46 | Create | Villager (Male) |
| 0:46 | Create | Villager (Male) |
| 0:47 | Create | Villager (Male) |
| 1:54 | Build | Mill |
| 2:05 | Create | Villager (Male) |
| 2:06 | Create | Villager (Male) |
| 2:55 | Create | Villager (Male) |
| 2:55 | Create | Villager (Male) |
| 3:03 | Create | Villager (Male) |
| 3:03 | Create | Villager (Male) |
| 3:34 | Build | Lumber Camp |
| 3:36 | Create | Villager (Male) |
| 3:36 | Create | Villager (Male) |
| 3:40 | Create | Villager (Male) |
| 3:40 | Create | Villager (Male) |
| 4:07 | Create | Villager (Male) |
| 4:08 | Create | Villager (Male) |
| 4:23 | Create | Villager (Male) |
| 4:23 | Create | Villager (Male) |
| 4:58 | Create | Villager (Male) |
| 4:58 | Create | Villager (Male) |
| 5:18 | Create | Villager (Male) |
| 5:18 | Create | Villager (Male) |
| 6:43 | Build | Mining Camp |
| 7:28 | Research | Feudal Age |
| 7:28 | Research | Feudal Age |
| 9:34 | Build | Farm |
| 9:44 | Age | Feudal Age |
| 9:47 | Create | Villager (Male) |
| 9:48 | Create | Villager (Male) |
| 9:48 | Create | Villager (Male) |
| 9:48 | Create | Villager (Male) |
| 10:05 | Build | Market |
| 10:14 | Build | Blacksmith |
| 10:26 | Build | Farm |
| 10:27 | Build | Farm |
| 10:29 | Build | Farm |
| 10:38 | Build | House |
| 11:15 | Build | Lumber Camp |
| 11:18 | Research | Castle Age |
| 11:18 | Research | Castle Age |
| 11:26 | Build | House |
| 11:39 | Research | Horse Collar |
| 11:40 | Research | Horse Collar |
| 12:27 | Build | Farm |
| 12:36 | Build | Farm |
| 12:37 | Build | Farm |
| 12:45 | Research | Double-Bit Axe |
| 12:45 | Research | Double-Bit Axe |
| 13:17 | Create | Villager (Male) |
| 13:18 | Create | Villager (Male) |
| 13:18 | Create | Villager (Male) |
| 14:07 | Age | Castle Age |
| 14:23 | Build | Town Center |
| 14:46 | Build | Town Center |
| 15:05 | Research | Wheelbarrow |
| 15:05 | Research | Wheelbarrow |
| 15:23 | Build | Farm |
| 15:37 | Create | Villager (Male) |
| 15:47 | Create | Villager (Male) |
| 15:47 | Create | Villager (Male) |
| 15:53 | Create | Villager (Male) |
| 15:54 | Create | Villager (Male) |
| 16:00 | Create | Villager (Male) |
| 16:01 | Create | Villager (Male) |
| 16:16 | Build | Farm |
| 16:31 | Create | Villager (Male) |
| 16:42 | Build | Town Center |
| 16:47 | Create | Villager (Male) |
| 16:50 | Create | Villager (Male) |
| 16:53 | Create | Villager (Male) |
| 16:57 | Create | Villager (Male) |
| 17:05 | Build | Farm |
| 17:06 | Build | Farm |
| 17:07 | Build | Farm |
| 17:30 | Create | Villager (Male) |
| 17:35 | Create | Villager (Male) |
| 17:46 | Build | Farm |
| 17:47 | Build | Farm |
| 17:51 | Create | Villager (Male) |
| 18:05 | Build | Farm |
| 18:06 | Build | Farm |
| 18:21 | Create | Villager (Male) |
| 18:24 | Create | Villager (Male) |
| 18:43 | Build | Town Center |
| 18:47 | Create | Villager (Male) |
| 18:48 | Create | Villager (Male) |
| 18:53 | Create | Villager (Male) |
| 18:55 | Create | Villager (Male) |
| 19:02 | Build | House |
| 19:03 | Build | House |
| 19:04 | Build | House |
| 19:23 | Research | Hand Cart |
| 19:24 | Research | Hand Cart |
| 19:35 | Build | Farm |
| 19:36 | Build | Farm |
| 19:43 | Create | Villager (Male) |
| 19:48 | Create | Villager (Male) |
| 19:54 | Create | Villager (Male) |
| 19:54 | Create | Villager (Male) |
| 20:00 | Create | Villager (Male) |
| 20:00 | Create | Villager (Male) |
| 20:15 | Build | Farm |
| 20:16 | Build | Farm |
| 20:17 | Build | Farm |
| 20:19 | Build | Farm |
| 20:20 | Build | Farm |
| 20:21 | Build | Farm |
| 20:25 | Create | Villager (Male) |
| 20:26 | Create | Villager (Male) |
| 20:37 | Create | Villager (Male) |
| 20:37 | Create | Villager (Male) |
| 20:42 | Build | Town Center |
| 20:47 | Create | Villager (Male) |
| 20:48 | Create | Villager (Male) |
| 21:07 | Create | Villager (Male) |
| 21:08 | Create | Villager (Male) |
| 21:14 | Create | Villager (Male) |
| 21:19 | Build | Farm |
| 21:20 | Build | Farm |
| 21:21 | Build | Farm |
| 21:23 | Build | Farm |
| 21:24 | Build | Farm |
| 21:25 | Build | Farm |
| 21:28 | Create | Villager (Male) |
| 21:31 | Create | Villager (Male) |
| 21:31 | Create | Villager (Male) |
| 21:45 | Build | House |
| 21:46 | Build | House |
| 21:47 | Build | House |
| 21:48 | Build | House |
| 21:53 | Create | Villager (Male) |
| 21:54 | Create | Villager (Male) |
| 21:56 | Create | Villager (Male) |
| 21:56 | Create | Villager (Male) |
| 21:58 | Create | Villager (Male) |
Build order — Benyicito
First 150 of 366 actions detected
| 0:02 | Research | Loom |
| 0:02 | Create | Villager (Male) |
| 0:02 | Create | Villager (Male) |
| 0:03 | Create | Villager (Male) |
| 0:03 | Create | Villager (Male) |
| 0:03 | Create | Villager (Male) |
| 0:05 | Build | House |
| 0:50 | Create | Villager (Male) |
| 0:50 | Create | Villager (Male) |
| 0:50 | Create | Villager (Male) |
| 0:50 | Create | Villager (Male) |
| 0:51 | Create | Villager (Male) |
| 0:51 | Create | Villager (Male) |
| 1:37 | Create | Villager (Male) |
| 1:38 | Create | Villager (Male) |
| 1:53 | Build | House |
| 1:55 | Build | House |
| 2:16 | Create | Villager (Male) |
| 2:17 | Create | Villager (Male) |
| 2:27 | Build | House |
| 2:29 | Build | House |
| 3:13 | Create | Villager (Male) |
| 3:14 | Create | Villager (Male) |
| 3:14 | Create | Villager (Male) |
| 3:14 | Create | Villager (Male) |
| 4:07 | Create | Villager (Male) |
| 4:07 | Create | Villager (Male) |
| 4:07 | Create | Villager (Male) |
| 4:37 | Create | Villager (Male) |
| 4:37 | Create | Villager (Male) |
| 4:38 | Create | Villager (Male) |
| 5:39 | Build | Mill |
| 5:53 | Create | Villager (Male) |
| 6:52 | Build | Mill |
| 7:16 | Create | Villager (Male) |
| 7:17 | Create | Villager (Male) |
| 7:17 | Create | Villager (Male) |
| 8:14 | Research | Feudal Age |
| 8:52 | Build | Farm |
| 9:04 | Build | Farm |
| 9:16 | Build | Farm |
| 10:52 | Create | Villager (Male) |
| 10:52 | Create | Villager (Male) |
| 10:57 | Age | Feudal Age |
| 11:03 | Build | Market |
| 11:16 | Build | Blacksmith |
| 11:49 | Research | Castle Age |
| 11:49 | Research | Castle Age |
| 12:01 | Research | Double-Bit Axe |
| 12:06 | Research | Horse Collar |
| 12:06 | Research | Horse Collar |
| 12:07 | Research | Horse Collar |
| 12:38 | Research | Wheelbarrow |
| 14:29 | Age | Castle Age |
| 14:34 | Build | Town Center |
| 14:37 | Build | Town Center |
| 14:51 | Research | Heavy Plow |
| 15:47 | Research | Hand Cart |
| 16:04 | Create | Villager (Male) |
| 16:09 | Create | Villager (Male) |
| 16:22 | Build | Farm |
| 16:23 | Build | Farm |
| 16:30 | Build | Farm |
| 16:36 | Build | Farm |
| 16:38 | Build | Farm |
| 16:40 | Create | Villager (Male) ×2 |
| 16:40 | Create | Villager (Male) ×2 |
| 17:00 | Create | Villager (Male) |
| 17:00 | Create | Villager (Male) |
| 17:30 | Build | Town Center |
| 17:42 | Create | Villager (Male) |
| 17:42 | Create | Villager (Male) |
| 17:42 | Create | Villager (Male) |
| 17:45 | Create | Villager (Male) |
| 17:46 | Create | Villager (Male) |
| 17:46 | Create | Villager (Male) |
| 17:46 | Create | Villager (Male) |
| 17:49 | Create | Villager (Male) |
| 17:50 | Create | Villager (Male) |
| 17:50 | Create | Villager (Male) |
| 18:01 | Create | Villager (Male) |
| 18:01 | Create | Villager (Male) |
| 18:01 | Create | Villager (Male) |
| 18:09 | Build | Farm |
| 18:11 | Build | Farm |
| 18:20 | Build | Farm |
| 18:22 | Build | Farm |
| 18:24 | Build | Farm |
| 18:29 | Build | Farm |
| 18:33 | Build | House |
| 18:34 | Build | House |
| 18:36 | Build | House |
| 18:44 | Build | Farm |
| 18:47 | Build | Farm |
| 18:58 | Build | House |
| 19:00 | Build | House |
| 19:02 | Build | House |
| 19:11 | Create | Villager (Male) |
| 19:11 | Create | Villager (Male) ×5 |
| 19:11 | Create | Villager (Male) ×5 |
| 19:11 | Create | Villager (Male) |
| 19:11 | Create | Villager (Male) ×4 |
| 19:14 | Create | Villager (Male) |
| 19:14 | Create | Villager (Male) |
| 19:15 | Create | Villager (Male) |
| 19:19 | Build | Farm |
| 19:39 | Create | Villager (Male) |
| 19:39 | Create | Villager (Male) |
| 19:39 | Create | Villager (Male) |
| 19:44 | Build | Farm |
| 19:46 | Build | Farm |
| 19:55 | Create | Villager (Male) ×3 |
| 19:55 | Create | Villager (Male) ×3 |
| 19:55 | Create | Villager (Male) ×3 |
| 20:06 | Create | Villager (Male) |
| 20:06 | Create | Villager (Male) |
| 20:14 | Build | Farm |
| 20:20 | Create | Villager (Male) |
| 20:21 | Create | Villager (Male) |
| 20:21 | Create | Villager (Male) |
| 20:29 | Create | Villager (Male) |
| 20:29 | Create | Villager (Male) |
| 20:30 | Create | Villager (Male) |
| 20:35 | Build | Farm |
| 20:41 | Create | Villager (Male) |
| 20:42 | Create | Villager (Male) |
| 20:42 | Create | Villager (Male) |
| 20:47 | Create | Villager (Male) |
| 20:47 | Create | Villager (Male) |
| 20:47 | Create | Villager (Male) |
| 20:50 | Create | Villager (Male) |
| 20:50 | Create | Villager (Male) |
| 20:54 | Build | Farm |
| 20:55 | Build | Farm |
| 20:56 | Build | Farm |
| 21:03 | Create | Villager (Male) |
| 21:03 | Create | Villager (Male) |
| 21:03 | Create | Villager (Male) |
| 21:09 | Create | Villager (Male) |
| 21:10 | Create | Villager (Male) |
| 21:10 | Create | Villager (Male) |
| 21:12 | Create | Villager (Male) |
| 21:12 | Create | Villager (Male) |
| 21:12 | Create | Villager (Male) |
| 21:21 | Build | House |
| 21:23 | Build | House |
| 21:28 | Build | House |
| 21:29 | Build | House |
| 21:32 | Build | House |
| 21:35 | Build | House |
Build order — fernandosandovalurrutia
First 150 of 603 actions detected
| 0:04 | Build | House |
| 0:07 | Build | House |
| 0:07 | Create | Villager (Male) |
| 0:08 | Create | Villager (Male) |
| 0:36 | Create | Villager (Male) |
| 1:02 | Create | Villager (Male) |
| 1:06 | Create | Villager (Male) |
| 1:06 | Create | Villager (Male) |
| 1:06 | Create | Villager (Male) |
| 1:33 | Create | Villager (Male) |
| 1:33 | Create | Villager (Male) |
| 1:46 | Build | Lumber Camp |
| 1:57 | Build | House |
| 2:25 | Create | Villager (Male) |
| 3:08 | Create | Villager (Male) |
| 3:23 | Create | Villager (Male) |
| 3:36 | Create | Villager (Male) |
| 3:58 | Create | Villager (Male) |
| 5:07 | Create | Villager (Male) |
| 5:15 | Build | Mining Camp |
| 6:14 | Create | Villager (Male) |
| 6:15 | Research | Feudal Age |
| 6:32 | Build | House |
| 6:33 | Build | House |
| 6:33 | Build | House |
| 6:47 | Build | Mill |
| 7:07 | Build | Barracks |
| 7:43 | Create | Villager (Male) |
| 7:43 | Create | Villager (Male) |
| 7:44 | Create | Villager (Male) |
| 8:33 | Age | Feudal Age |
| 8:39 | Research | Double-Bit Axe |
| 8:52 | Research | Wheelbarrow |
| 8:53 | Research | Loom |
| 9:33 | Build | House |
| 9:36 | Build | House |
| 9:37 | Build | House |
| 10:05 | Build | House |
| 10:09 | Research | Horse Collar |
| 10:28 | Build | Mining Camp |
| 10:33 | Build | Farm |
| 10:34 | Build | Farm |
| 10:34 | Build | Farm |
| 10:34 | Build | Farm |
| 10:34 | Build | Farm |
| 10:34 | Build | Farm |
| 10:34 | Build | Farm |
| 10:35 | Build | Farm |
| 10:39 | Build | Farm |
| 10:39 | Build | Farm |
| 10:42 | Create | Villager (Male) |
| 10:47 | Create | Villager (Male) |
| 11:02 | Build | Farm |
| 11:15 | Create | Villager (Male) |
| 11:33 | Build | Farm |
| 11:38 | Build | Farm |
| 11:59 | Create | Villager (Male) |
| 11:59 | Create | Villager (Male) |
| 12:40 | Create | Villager (Male) |
| 12:41 | Create | Villager (Male) |
| 12:55 | Create | Villager (Male) |
| 13:10 | Build | Market |
| 13:44 | Build | Blacksmith |
| 13:55 | Build | Farm |
| 13:56 | Build | Farm |
| 14:07 | Create | Villager (Male) |
| 14:20 | Research | Castle Age |
| 15:04 | Build | Farm |
| 15:40 | Build | Stone Wall |
| 15:50 | Build | Gate |
| 16:14 | Create | Villager (Male) |
| 16:15 | Create | Villager (Male) |
| 16:16 | Create | Villager (Male) |
| 17:03 | Age | Castle Age |
| 17:13 | Build | Town Center |
| 17:41 | Create | Villager (Male) |
| 17:41 | Create | Villager (Male) |
| 17:41 | Create | Villager (Male) |
| 18:06 | Build | Town Center |
| 18:31 | Create | Villager (Male) |
| 18:31 | Create | Villager (Male) |
| 18:31 | Create | Villager (Male) |
| 18:31 | Create | Villager (Male) |
| 18:31 | Create | Villager (Male) |
| 18:31 | Create | Villager (Male) |
| 19:03 | Create | Villager (Male) |
| 19:03 | Create | Villager (Male) |
| 19:04 | Create | Villager (Male) |
| 19:14 | Build | Farm |
| 19:14 | Build | Farm |
| 19:14 | Build | Farm |
| 19:14 | Build | Farm |
| 19:14 | Build | Farm |
| 19:14 | Build | Farm |
| 19:53 | Build | Farm |
| 20:15 | Create | Villager (Male) |
| 20:16 | Create | Villager (Male) |
| 20:59 | Create | Villager (Male) |
| 21:00 | Create | Villager (Male) |
| 21:02 | Create | Villager (Male) |
| 21:10 | Create | Villager (Male) |
| 21:26 | Build | House |
| 21:26 | Build | House |
| 21:26 | Build | House |
| 21:26 | Build | House |
| 21:27 | Build | House |
| 21:27 | Build | House |
| 21:27 | Build | House |
| 21:27 | Build | House |
| 21:27 | Build | House |
| 21:27 | Build | House |
| 21:27 | Build | House |
| 21:28 | Build | House |
| 21:28 | Build | House |
| 21:28 | Build | House |
| 21:28 | Build | House |
| 21:29 | Build | House |
| 21:29 | Build | House |
| 21:29 | Build | House |
| 21:29 | Build | House |
| 21:29 | Build | House |
| 21:30 | Build | House |
| 21:30 | Build | House |
| 21:30 | Build | House |
| 21:30 | Build | House |
| 21:30 | Build | House |
| 21:30 | Build | House |
| 21:31 | Build | House |
| 21:31 | Build | House |
| 21:31 | Build | House |
| 21:31 | Build | House |
| 21:32 | Build | House |
| 21:32 | Build | House |
| 21:32 | Build | House |
| 21:32 | Build | House |
| 21:32 | Build | House |
| 21:32 | Build | House |
| 21:33 | Build | House |
| 21:33 | Build | House |
| 21:33 | Build | House |
| 21:33 | Build | House |
| 21:33 | Build | House |
| 21:34 | Build | House |
| 21:34 | Build | House |
| 21:34 | Build | House |
| 21:34 | Build | House |
| 21:34 | Build | House |
| 21:34 | Build | House |
| 21:35 | Build | House |
| 21:35 | Build | House |
Match timeline
| 6:29 | theloniousj · first_building Barracks |
| 7:07 | fernandosandovalurrutia · first_building Barracks |
| 7:53 | Megatower · wall_segment Palisade Wall x33 |
| 8:33 | fernandosandovalurrutia · age_up feudal |
| 9:30 | theloniousj · age_up feudal |
| 9:44 | 阿狗 · age_up feudal |
| 10:15 | Megatower · wall_segment Palisade Wall x10 |
| 10:40 | DonShooterKen · first_building Barracks |
| 10:57 | Benyicito · age_up feudal |
| 11:56 | calebtinch4 · age_up feudal |
| 12:13 | Trajano · age_up feudal |
| 14:07 | 阿狗 · age_up castle |
| 14:29 | Benyicito · age_up castle |
| 14:42 | DonShooterKen · first_building Stable |
| 15:34 | theloniousj · first_building Stable |
| 15:40 | fernandosandovalurrutia · wall_segment Stone Wall x34 |
| 16:38 | Megatower · age_up feudal |
| 16:47 | Megatower · wall_segment Stone Wall x28 |
| 17:03 | fernandosandovalurrutia · age_up castle |
| 17:42 | theloniousj · age_up castle |
| 19:03 | Trajano · age_up castle |
| 19:06 | DonShooterKen · first_building Monastery |
| 20:45 | Trajano · first_building Monastery |
| 21:12 | Trajano · first_building Barracks |
| 22:02 | calebtinch4 · first_building Barracks |
| 22:29 | Benyicito · first_building Monastery |
| 23:04 | fernandosandovalurrutia · first_building Stable |
| 23:41 | calebtinch4 · first_building Archery Range |
| 24:00 | calebtinch4 · first_building Stable |
| 24:27 | fernandosandovalurrutia · first_building Monastery |
| 24:55 | 阿狗 · first_building Castle |
| 25:26 | calebtinch4 · wall_segment Stone Wall x24 |
| 25:31 | Benyicito · first_market_sell 500 wood |
| 25:34 | Benyicito · first_market_buy 100 food |
| 25:43 | Trajano · wall_segment Stone Wall x26 |
| 27:00 | calebtinch4 · age_up castle |
| 28:09 | 阿狗 · first_building Barracks |
| 29:21 | Megatower · age_up castle |
| 29:22 | Benyicito · age_up imperial |
| 29:33 | theloniousj · first_building Siege Workshop |
| 30:24 | 阿狗 · first_building Siege Workshop |
| 31:14 | DonShooterKen · first_building Siege Workshop |
| 31:20 | theloniousj · first_building Monastery |
| 31:33 | 阿狗 · age_up imperial |
| 31:35 | fernandosandovalurrutia · first_building Castle |
| 31:56 | theloniousj · first_building Castle |
| 32:14 | Trajano · wall_segment Stone Wall x5 |
| 32:16 | Megatower · first_building Castle |
| 32:36 | Trajano · wall_segment Stone Wall x29 |
| 32:41 | Trajano · wall_segment Stone Wall x17 |
| 32:41 | Benyicito · first_building Castle |
| 32:45 | Trajano · wall_segment Stone Wall x10 |
| 34:30 | Megatower · first_building Siege Workshop |
| 35:10 | DonShooterKen · first_building Castle |
| 35:27 | Trajano · wall_segment Stone Wall x27 |
| 35:35 | Trajano · wall_segment Stone Wall x20 |
| 35:53 | fernandosandovalurrutia · first_market_buy 100 food |
| 35:58 | Trajano · wall_segment Stone Wall x32 |
| 36:31 | Trajano · wall_segment Stone Wall x7 |
| 37:09 | calebtinch4 · first_building Siege Workshop |
| 37:12 | Trajano · first_building Siege Workshop |
| 37:59 | Trajano · wall_segment Stone Wall x11 |
| 38:04 | Trajano · wall_segment Stone Wall x5 |
| 38:06 | calebtinch4 · first_building Castle |
| 38:11 | Trajano · wall_segment Stone Wall x9 |
| 38:18 | Trajano · wall_segment Stone Wall x16 |
| 38:31 | Trajano · wall_segment Stone Wall x13 |
| 38:36 | Trajano · wall_segment Stone Wall x38 |
| 38:43 | fernandosandovalurrutia · age_up imperial |
| 39:04 | Trajano · wall_segment Stone Wall x31 |
| 39:12 | theloniousj · age_up imperial |
| 39:26 | Trajano · wall_segment Stone Wall x14 |
| 39:55 | Trajano · resign |
[ AI ANALYSIS · 1 CREDIT ]
What really happened in this match?
Wolo.gg analyzes every decision: build order, eco, micro, common mistakes by bracket. Personalized analysis on WhatsApp or Discord in 30 seconds.
Civ guide
Britons
Map guide
Amazon Tunnel
Perfil
calebtinch4